 Dungeon Crawl Stone Soup version 0.19-a0-1201-gda63bca (webtiles) character file.

9 kosy22 the Ruffian (level 2, -4/25 HPs)
             Began as a Naga Transmuter on Aug 20, 2016.
             Slain by a giant gecko (5 damage)
             ... on level 1 of the Dungeon.
             The game lasted 00:00:54 (305 turns).

kosy22 the Ruffian (Naga Transmuter)                 Turns: 305, Time: 00:00:55

Health: -4/25      AC:  1    Str: 12    XL:     2   Next: 12%
Magic:  5/5        EV: 10    Int: 13    God:
Gold:   12         SH:  0    Dex: 11    Spells: 1 memorised, 4 levels left

rFire  . . .     SeeInvis +       - Unarmed
rCold  . . .     Gourm    .     b - +0 robe
rNeg   . . .     Faith    .     (no shield)
rPois  +         Spirit   .     (no helmet)
rElec  .         Dismiss  .     (no cloak)
rCorr  .         Reflect  .     (no gloves)
MR     .....     Harm     .     (no barding)
Stlth  +.........               (no amulet)
                                (no ring)
                                (no ring)

@: very slow
A: see invisible, deformed body, poison resistance, slowness 2, slow metabolism
1, spit poison 2, AC +0
a: Spit Poison


You were on level 1 of the Dungeon.
You were not hungry.

You visited 1 branch of the dungeon, and saw 1 of its levels.

You collected 12 gold pieces.

Inventory:

Missiles
 a - 12 arrows
Armour
 b - a +0 robe (worn)
Scrolls
 j - a scroll of random uselessness {unknown}
Potions
 e - a potion of cure mutation {unknown}
 f - a potion of invisibility {unknown}
 g - a potion of heal wounds {unknown}
 h - a potion of resistance {unknown}
Books
 c - a book of Changes

   Spells                             Type                      Level
   a - Beastly Appendage              Transmutation                1
   b - Sticks to Snakes               Transmutation                2
   c - Spider Form                    Transmutation/Poison         3
   d - Ice Form                       Ice/Transmutation            4
   e - Blade Hands                    Transmutation                5
Comestibles
 d - 2 bread rations
 i - a chunk of flesh


   Skills:
 + Level 1.1 Fighting
 + Level 1.8 Dodging
 + Level 3.2 Unarmed Combat
 + Level 2.1 Spellcasting
 + Level 2.0 Transmutations


You had 4 spell levels left.
You knew the following spells:

 Your Spells              Type           Power        Failure   Level  Hunger
a - Beastly Appendage     Tmut           #.....       12%         1    ##.....


Dungeon Overview and Level Annotations

Branches:
Dungeon (1/15)

Altars:


Innate Abilities, Weirdness & Mutations

You cannot wear boots.
Your serpentine skin is tough. (AC +0)
You have supernaturally acute eyesight. (SInv)
Armour fits poorly on your strangely shaped body.
Your system is resistant to poisons. (rPois)
You cover ground very slowly.
You have a slow metabolism.
You can spit poison.


Message History

The hobgoblin is heavily wounded.
The giant gecko bites you. The hobgoblin hits you with a club.
The giant gecko barely misses you.
You hit the hobgoblin.
The hobgoblin is almost dead.
The giant gecko closely misses you.
You barely miss the hobgoblin.
The hobgoblin is almost dead.
The hobgoblin hits you with a club. The giant gecko completely misses you.
You closely miss the hobgoblin.
The hobgoblin is almost dead.
The hobgoblin hits you with a club.
* * * LOW HITPOINT WARNING * * *
The giant gecko barely misses you.
You barely miss the hobgoblin.
The hobgoblin is severely wounded.
The hobgoblin hits you with a club.
* * * LOW HITPOINT WARNING * * *
The giant gecko bites you.
You die...

.............#
...#####.....#.#.. .
...##........#.#.# . #
....#........#.#.#.#.#
..>.#........#.#.#.#$# #
.#..#........#.#.#...#.#
.............#.#.......#
.#.##........#..†l......
.#.##...........@g......
##.##........#........#.
#.##........#..........
..$..########........##
#.#### ###.###### ..#
###


You could see a giant gecko and a hobgoblin.

Vanquished Creatures
  2 dart slugs (D:1)
  A hobgoblin (D:1)
  A bat (D:1)
  A giant newt (D:1)
  A rat (D:1)
6 creatures vanquished.

Notes
Turn   | Place    | Note
-------+----------+-------------------------------------------
     0 | D:1      | kosy22 the Naga Transmuter began the quest for the Orb.
     0 | D:1      | Reached XP level 1. HP: 18/18 MP: 3/3
   300 | D:1      | Reached XP level 2. HP: 15/25 MP: 5/5
   305 | D:1      | HP: 1/25 [hobgoblin/club (2)]
   305 | D:1      | Slain by a giant gecko

Vault maps used:
D:1:      lordsloth_arrival_two_stooges, serial_corexii_hall,
          corexii_hall_statues_i, corexii_hall_statues_s,
          minmay_misc_feat_more_columns

Action                   || total
-------------------------++-------
Melee: Unarmed           ||    29
       Headbutt          ||     1
 Cast: Beastly Appendage ||     3
Armor: Robe              ||     7
Dodge: Dodged            ||    23
